 Dungeon Crawl Stone Soup version 0.16.2-12-gd0ad4c3 (webtiles) character file.

2256 Charly the Cleaver (level 9, -3/82 HPs)
             Began as a Minotaur Berserker on Oct 8, 2015.
             Was a Believer of Trog.
             Slain by a yak (12 damage)
             ... on level 9 of the Dungeon.
             The game lasted 00:19:18 (976 turns).

Charly the Cleaver (Minotaur Berserker)              Turns: 976, Time: 00:19:19

Health: -3/82      AC: 10    Str: 26    XL:     9   Next: 15%
Magic:  4/4        EV: 10    Int:  4    God:    Trog [**....]
Gold:   137        SH:  0    Dex:  9    Spells: 0 memorised, 8 levels left

rFire  . . .     SeeInvis .     a - +1 battleaxe
rCold  . . .     Clarity  .     s - +0 scale mail
rNeg   . . .     SustAb   .     (no shield)
rPois  .         Gourm    .     (helmet restricted)
rElec  .         Spirit   .     u - +0 cloak
rCorr  .         Warding  .     j - +1 pair of gloves
rMut   .         Stasis   .     q - +0 pair of boots
MR     .....                    (no amulet)
Stlth  ..........               r - +1 ring of slaying
                                (no ring)

@: exhausted, slowed, very slow, not resistant to hostile enchantments,
extremely unstealthy
A: retaliatory headbutt, horns 2
a: Burn Spellbooks, Berserk, Trog's Hand, Renounce Religion


You were on level 9 of the Dungeon.
You worshipped Trog.
Trog was pleased with you.
You were hungry.

You visited 1 branch of the dungeon, and saw 9 of its levels.

You collected 137 gold pieces.

Inventory:

Hand weapons
 a - a +1 battleaxe (weapon)
 v - a +0 flail
Armour
 j - a +1 pair of gloves (worn)
 q - a +0 pair of boots (worn)
 s - a +0 scale mail (worn)
 u - a +0 cloak (worn)
Jewellery
 o - an uncursed ring of flight
 r - a +1 ring of slaying (right hand)
 t - an uncursed ring of teleportation
Magical devices
 k - a wand of enslavement (0)
Scrolls
 h - 3 scrolls of enchant armour
 l - 2 scrolls of magic mapping
 n - a scroll of holy word {unknown}
Potions
 b - a potion of magic {unknown}
 d - 2 potions of curing
 e - a potion of restore abilities
 i - a potion of might
 m - a potion of brilliance {unknown}
 p - a potion of ambrosia {unknown}
Comestibles
 c - 3 bread rations


   Skills:
 + Level 8.3 Fighting
 * Level 12.6 Axes
 - Level 2.4 Armour
 - Level 2.1 Dodging


You had 8 spell levels left.
You didn't know any spells.

Dungeon Overview and Level Annotations

Branches:
Dungeon (9/15)               Lair (0/8) D:8
 Temple: D:4-7          Orc: D:9-12

Altars:
Yredelemnul


Innate Abilities, Weirdness & Mutations

You reflexively headbutt those who attack you in melee.
You have a pair of horns on your head.


Message History

You barely miss the yak.
The yak is moderately wounded.
You completely miss the yak.
The yak is lightly wounded.
The yak barely misses you. The yak gores you but does no damage.
The yak gores you.
* * * LOW HITPOINT WARNING * * *
You barely miss the yak. Your headbutt misses the yak.
The yak is moderately wounded.
You slash the yak!
The yak is lightly wounded.
The yak closely misses you. The yak gores you but does no damage.
The yak closely misses you. The yak gores you.
* * * LOW HITPOINT WARNING * * *
You slash the yak! You headbutt the yak.
The yak is severely wounded.
You hit the yak.
The yak is moderately wounded.
The yak gores you!
You die...

#... . . #).....#. ######
#......... .......
#........ .....
#.......#+####...#
#.......#....#...#
#.......#....#...#
#.......#....#...# #
........##'###..@########.#
###.........(.(.YYn.......#
#.......###'####.......?##
#......)#..(...#..........
#.......#......#..........
##.......#......#.........
.........#......#.........
.........#......#.........
########.'......#........


You could see 2 yaks and a necrophage.

Vanquished Creatures
  A cyclops (D:9)
  Grinder (D:3)
  4 yaks
  An ice beast (D:7)
  A porcupine (D:8)
  A sky beast (D:9)
  A phantom (D:8)
  2 centaurs
  A giant frog (D:7)
  An ogre (D:5)
  A river rat (D:8)
  3 wights (D:7)
  A crimson imp (D:7)
  A giant frog zombie (D:8)
  A centaur skeleton (D:7)
  3 orc wizards
  2 worker ants
  A hound skeleton (D:7)
  4 orcs
  4 bats
  A bat zombie (D:7)
  2 goblins
  4 hobgoblins
  6 kobolds
  4 quokkas
  A giant cockroach (D:8)
  7 rats
60 creatures vanquished.

Vanquished Creatures (collateral kills)
  A river rat (D:8)
  A rat (D:8)
2 creatures vanquished.

Vanquished Creatures (others)
  A yak (D:8)
  A giant spore (D:8)
2 creatures vanquished.

Grand Total: 64 creatures vanquished

Notes
Turn   | Place    | Note
--------------------------------------------------------------
     0 | D:1      | Charly, the Minotaur Berserker, began the quest for the Orb.
     0 | D:1      | Reached XP level 1. HP: 19/19 MP: 1/1
     3 | D:1      | Noticed an electric eel
    89 | D:1      | Reached skill level 4 in Axes
   125 | D:1      | You fall through a shaft!
   185 | D:3      | Reached XP level 2. HP: 24/26 MP: 1/1
   188 | D:3      | Noticed Grinder
   206 | D:3      | Killed Grinder
   206 | D:3      | Reached skill level 7 in Axes
   206 | D:3      | Reached XP level 3. HP: 31/31 MP: 2/2
   206 | D:3      | Reached XP level 4. HP: 39/39 MP: 2/2
   206 | D:3      | Reached XP level 5. HP: 45/45 MP: 2/2
   276 | D:5      | Entered Level 5 of the Dungeon
   276 | D:5      | Noticed an ogre
   289 | D:5      | Killed an ogre
   289 | D:5      | Reached skill level 8 in Axes
   289 | D:5      | Reached XP level 6. HP: 52/52 MP: 3/3
   478 | D:8      | Noticed a yak
   479 | D:8      | Found a staircase to the Lair.
   483 | D:8      | Acquired Trog's second power
   485 | D:8      | Noticed a yak
   488 | D:8      | Killed a yak
   493 | D:8      | Reached skill level 9 in Axes
   493 | D:8      | Reached XP level 7. HP: 60/60 MP: 3/3
   501 | D:8      | Reached skill level 5 in Fighting
   510 | D:8      | a yak (ally) was killed
   553 | D:7      | Reached skill level 10 in Axes
   647 | D:7      | Reached XP level 8. HP: 55/70 MP: 3/3
   707 | D:7      | Reached skill level 11 in Axes
   711 | D:7      | Found a basalt altar of Yredelemnul.
   835 | D:9      | Noticed a hill giant
   835 | D:9      | Noticed a centaur warrior
   913 | D:9      | Noticed a cyclops
   954 | D:9      | Killed a cyclops
   954 | D:9      | Reached skill level 12 in Axes
   968 | D:9      | Reached XP level 9. HP: 43/81 MP: 4/4
   976 | D:9      | Slain by a yak

Action                   |  1- 3 |  4- 6 |  7- 9 || total
-------------------------+-------+-------+-------++-------
Melee: Hand axe          |    16 |    25 |    61 ||   102
       Battleaxe         |       |       |    45 ||    45
Invok: Berserk           |     1 |     2 |     3 ||     6
       Trog's Hand       |       |       |     2 ||     2
 Abil: Evoke Teleportati |       |       |     1 ||     1
Evoke: Wand              |       |       |     3 ||     3
  Use: Scroll            |     2 |     1 |     5 ||     8
  Eat: Beef jerky        |       |     1 |       ||     1
       Meat ration       |       |       |     1 ||     1
